 Dungeon Sprint DCSS version 0.17-a0-1558-g9d24de5 (webtiles) character file.

2423 OdinFK the Grappler (level 9, -1/105 HPs)
             Began as a Troll Berserker on July 20, 2015.
             Was a High Priest of Trog.
             Asphyxiated
             ... in the Dungeon (Sprint I: "Red Sonja").
             The game lasted 00:03:47 (375 turns).

OdinFK the Grappler (Troll Berserker)                Turns: 375, Time: 00:03:48

Health: -1/105     AC:  5    Str: 30    XL:     9   Next: 24%
Magic:  8/8        EV: 13    Int:  3    God:    Trog [*****.]
Gold:   375        SH:  0    Dex:  9    Spells: 0 memorised, 8 levels left

rFire  . . .     SeeInvis .       - Unarmed
rCold  . . .     Clarity  .     a - +0 animal skin
rNeg   . . .     SustAt   .     (no shield)
rPois  .         Gourm    +     (helmet restricted)
rElec  .         Spirit   .     (no cloak)
rCorr  .         Warding  .     (gloves unavailable)
rMut   .         NoTele   +     (boots unavailable)
MR     .....                    (no amulet)
Stlth  +.........               (no ring)
                                (no ring)

@: lethally poisoned (-1 -> -12), exhausted, slowed, very slow, not resistant to
hostile enchantments, very unstealthy
A: unfitting armour, claws 3, fast metabolism 3, gourmand, regeneration 2,
shaggy fur 1, tough skin 2
a: Burn Spellbooks, Berserk, Trog's Hand, Brothers in Arms, Renounce Religion


You were in the Dungeon.
You worshipped Trog.
Trog was extremely pleased with you.
You were very hungry.

You visited 1 branch You collected 431 gold pieces.
You spent 56 gold pieces at shops.

Inventory:

Armour
 a - a +0 animal skin (worn)
Magical devices
 k - a wand of disintegration (14)
Scrolls
 h - a scroll of blinking
Potions
 c - a potion of curing
 e - a potion of haste
 f - 2 potions of magic
 g - a potion of berserk rage
Comestibles
 b - a bread ration
 i - a meat ration
 j - 3 chunks of flesh


   Skills:
 + Level 11.0 Fighting
 + Level 10.6 Dodging
 + Level 0.5 Stealth
 + Level 12.1 Unarmed Combat


You had 8 spell levels left.
You didn't know any spells.

Dungeon Overview and Level Annotations

Branches:
Dungeon (1/1)

Altars:
Cheibriados
Dithmenos
Elyvilon
Fedhas
Gozag
Kikubaaqudgha
Makhleb
Nemelex Xobeh
Okawaru
Qazlal
Ru
Sif Muna
Trog
Vehumet
Xom
Yredelemnul
Zin
The Shining One
Jiyva

Shops:
D *

Annotations:
D Sonja


Innate Abilities, Weirdness & Mutations

You are too large for most types of armour.
You have claws for hands.
Your metabolism is lightning-fast.
You like to eat raw meat.
You heal very quickly.
You are covered in fur (AC +1).
You have very tough skin (AC +2).


Message History

Drink which item? (? for menu, Esc to quit)
You feel much better.
You feel very sick.
Sonja hits you with an uncursed short sword of distortion.
* * * LOW HITPOINT WARNING * * *
You feel a strange sense of stasis. Sonja hits you but does no damage.
Space bends around you.
* * * LOW HITPOINT WARNING * * *
Sonja hits you but does no damage.
You feel a strange sense of stasis.
Sonja gestures wildly while chanting.
Sonja blinks!
You feel sick.
Sonja unwields an uncursed short sword of distortion.
Its appearance distorts for a moment.
Sonja wields an uncursed blowgun.
Sonja shoots a curare-tipped needle.
The curare-tipped needle barely misses you.
Sonja shoots a curare-tipped needle.
The curare-tipped needle hits you.
You are lethally poisoned!
You have difficulty breathing.
You die...

##########################
#<.#..)..#..@..#__#..'.).#
#..').#K.').#..'..'..#)..#
#..#####'#####(#__####...+
#..####..#...#(####§§#####
#..#__####..##.#§≈§§.#
#..#_..__##'#§(§§§≈§§+
#⌠⌠#_.∩...'..§_#≈§§§§#
####_..._##_.#+##+####
#_____###'#


You could see Sonja.

Vanquished Creatures
  2 centaur warriors (D)
  2 kobold demonologists (D)
  A slime creature (D)
  Sigmund (D)
  A yak (D)
  An ogre (D)
  Ijyb (D)
  A jelly (D)
  A giant eyeball (D)
11 creatures vanquished.

Notes
Turn   | Place    | Note
--------------------------------------------------------------
     0 | D        | OdinFK the Troll Berserker began the quest for the Orb.
     0 | D        | Reached XP level 1. HP: 22/22 MP: 0/0
     1 | D        | Noticed Ijyb
    13 | D        | Killed Ijyb
    13 | D        | Reached skill level 4 in Unarmed Combat
    13 | D        | Reached XP level 2. HP: 28/32 MP: 1/1
    16 | D        | Noticed an ogre
    24 | D        | Killed an ogre
    24 | D        | Acquired Trog's second power
    24 | D        | Reached skill level 5 in Fighting
    24 | D        | Reached skill level 5 in Dodging
    24 | D        | Reached skill level 6 in Unarmed Combat
    24 | D        | Reached XP level 3. HP: 21/42 MP: 2/2
    24 | D        | Reached XP level 4. HP: 25/50 MP: 3/3
    80 | D        | Noticed Sigmund
    84 | D        | Killed Sigmund
    84 | D        | Reached skill level 7 in Unarmed Combat
    84 | D        | Reached XP level 5. HP: 61/61 MP: 4/4
    84 | D        | Reached XP level 6. HP: 68/68 MP: 5/5
    98 | D        | Found a deep blue altar of Sif Muna.
    99 | D        | Noticed a jelly
   100 | D        | Found a radiant altar of Vehumet.
   101 | D        | Killed a jelly
   124 | D        | Found Obeqab's Assorted Antiques.
   124 | D        | Found a white marble altar of Elyvilon.
   124 | D        | Found a stormy altar of Qazlal.
   124 | D        | Found a basalt altar of Yredelemnul.
   124 | D        | Found an iron altar of Okawaru.
   124 | D        | Found a sparkling altar of Nemelex Xobeh.
   124 | D        | Found a shimmering altar of Xom.
   124 | D        | Found an ancient bone altar of Kikubaaqudgha.
   124 | D        | Noticed a yak
   125 | D        | Found a burning altar of Makhleb.
   125 | D        | Found a sacrificial altar of Ru.
   125 | D        | Found a glowing golden altar of the Shining One.
   125 | D        | Found an opulent altar of Gozag.
   125 | D        | Found a glowing silver altar of Zin.
   132 | D        | Killed a yak
   132 | D        | Reached skill level 8 in Unarmed Combat
   133 | D        | Found a bloodstained altar of Trog.
   137 | D        | Bought a scroll labeled XEIXOG RETSE for 28 gold pieces
   137 | D        | Bought a scroll labeled COTRYAN EHEI for 28 gold pieces
   149 | D        | Found a viscous altar of Jiyva.
   149 | D        | Found a blossoming altar of Fedhas.
   149 | D        | Noticed a slime creature
   150 | D        | Found a snail-covered altar of Cheibriados.
   150 | D        | Found a shadowy altar of Dithmenos.
   156 | D        | Killed a slime creature
   156 | D        | Reached skill level 9 in Unarmed Combat
   156 | D        | Reached XP level 7. HP: 64/80 MP: 6/6
   180 | D        | Noticed a kobold demonologist
   181 | D        | Noticed a kobold demonologist
   183 | D        | Paralysed by a giant eyeball for 3 turns
   189 | D        | Noticed a sixfirhy
   190 | D        | Killed a kobold demonologist
   190 | D        | Acquired Trog's third power
   190 | D        | Reached skill level 10 in Unarmed Combat
   194 | D        | Killed a kobold demonologist
   194 | D        | Reached XP level 8. HP: 92/92 MP: 7/7
   232 | D        | Noticed a centaur warrior
   234 | D        | Noticed a centaur warrior
   242 | D        | Killed a centaur warrior
   242 | D        | Reached skill level 10 in Fighting
   242 | D        | Reached skill level 11 in Unarmed Combat
   245 | D        | Killed a centaur warrior
   245 | D        | Reached skill level 10 in Dodging
   245 | D        | Reached skill level 12 in Unarmed Combat
   245 | D        | Reached XP level 9. HP: 30/105 MP: 8/8
   363 | D        | Noticed Sonja
   373 | D        | HP: 3/105 [Sonja/uncursed short sword of distortion (3)]
   375 | D        | Asphyxiated

Vault maps used:
D:        dungeon_sprint_1

Action                   |  1- 3 |  4- 6 |  7- 9 || total
-------------------------+-------+-------+-------++-------
Melee: Unarmed           |    18 |    16 |    18 ||    52
Invok: Berserk           |     1 |     1 |     3 ||     5
  Use: Scroll            |       |     2 |       ||     2
       Potion            |       |       |     1 ||     1
  Eat: Bread ration      |       |       |     1 ||     1
